AoeStats
← SouBotsito

Lombardia

509813243Analyzed
4v4 RM · 5d ago on Sep 28, 2026· 12m 19s· 8 players
Game mode
Random Map
Map size
Large (8 player)
Population
200
Speed
Normal
Resources
Standard
Victory
Conquest
Starting age
Dark Age
Ending age
Imperial Age
RankedLock teamsTeams togetherTeam positionsShared explorationLock speedFull tech treeHidden civsTurbo modeCheats
Victory
Defeat
🇻🇳 Varangians · Vietnam
1876
+7
🇨🇳 Mongols · China
1792
+9
🇺🇸 Poles · United States
1715
+12
🇦🇷 Persians · Argentina
1536
+18
1687
-14
🇩🇿 Romans · Algeria
1675
-13
🇲🇽 Persians · Mexico
1592
-10
🇨🇳 Huns · China
1572
-9
教授
8:56 Feudal Age
7:43 Loom
9:43 Double-Bit Axe
种田人口才是基本盘
8:15 Loom
11:54 Feudal Age
󠀡󠀡
6:50 Loom
10:54 Feudal Age
11:43 Double-Bit Axe
SouBotsito
6:09 Loom
9:01 Feudal Age
9:24 Double-Bit Axe
9:27 Horse Collar
haihoangdang91
6:23 Loom
9:00 Feudal Age
9:34 Double-Bit Axe
154985415164
4:36 Loom
4:50 Loom
7:33 Feudal Age
saymynameBook
5:33 Loom
8:21 Feudal Age
9:30 Double-Bit Axe
11:05 Horse Collar
Tonguera
7:01 Loom
9:29 Feudal Age
11:03 Double-Bit Axe
Connection lost

Rejoining the realm…

Still unreachable

The connection could not be restored.

Session expired

The server has moved on; the page needs a fresh start.